 Dungeon Crawl Stone Soup version 0.28-a0-1524-ge72afd5fc6 (webtiles) character file.

Game seed: 9116882092526773182

9811 HallandMoats the Fighter (level 11, -5/90 HPs)
             Began as a Demonspawn Fighter on Jan 18, 2022.
             Was a High Priest of Okawaru.
             Slain by a two-headed ogre (12 damage)
             ... on level 10 of the Dungeon.
             The game lasted 00:18:06 (16800 turns).

HallandMoats the Fighter (Demonspawn Fighter)      Turns: 16800, Time: 00:18:07

Health: -5/90      AC: 10    Str: 21    XL:     11   Next: 27%
Magic:  5/5        EV: 13    Int:  9    God:    Okawaru [*****.]
Gold:   543        SH:  7    Dex: 13    Spells: 10/10 levels left

rFire   . . .      SeeInvis .   a - +2 hand axe (antimagic)
rCold   . . .      Faith    .   n - +2 buckler {AC+3}
rNeg    . . .      Spirit   .   D - +0 steam dragon scales
rPois   +          Reflect  .   (helmet restricted)
rElec   .          Harm     .   (cloak unavailable)
rCorr   +          Rampage  .   f - +0 pair of gloves
Will    .....                   (no boots)
Stlth   +.........              (no amulet)
HPRegen 0.25/turn               j - ring of resist corrosion
MPRegen 0.18/turn               v - ring of poison resistance

@: no status effects
A: antennae 2, hooves 2, magic regeneration, weakness stinger 3
a: Renounce Religion, Heroism, Finesse, Duel


You were on level 10 of the Dungeon.
You worshipped Okawaru.
Okawaru was extremely pleased with you.
You visited 1 branch of the dungeon, and saw 10 of its levels.

You collected 543 gold pieces.

Inventory:

Hand Weapons
 a - a +2 antimagic hand axe (weapon)
 b - a +4 scimitar of flaming
Missiles
 u - a throwing net (quivered)
Armour
 f - a +0 pair of gloves (worn)
 n - a +2 buckler of protection (worn)
 D - +0 steam dragon scales (worn)
Jewellery
 j - a ring of resist corrosion (left hand)
 t - a ring of flight
 v - a ring of poison resistance (right hand)
 z - a ring of ice
Wands
 w - a wand of acid (8)
 A - a wand of paralysis (10)
 E - a wand of iceblast (5)
Scrolls
 e - 7 scrolls of identify {unknown}
 i - a scroll of summoning {unknown}
 k - a scroll of fog
 m - a scroll of teleportation {unknown}
 q - 2 scrolls of blinking
 s - 2 scrolls of fear {unknown}
 x - a scroll of enchant armour
 y - a scroll of vulnerability {unknown}
 B - a scroll of holy word {unknown}
 C - 2 scrolls of amnesia
Potions
 c - a potion of flight {unknown}
 d - 2 potions of curing {unknown}
 g - a potion of haste {unknown}
 h - a potion of invisibility
 l - 2 potions of might
 o - a potion of lignification {unknown}
 p - 2 potions of attraction {unknown}
 r - a potion of mutation {unknown}


   Skills:
 * Level 9.7 Fighting
 * Level 8.5 Axes
 + Level 6.4 Armour
 + Level 5.4 Dodging
 + Level 6.4 Shields
 + Level 7.4 Invocations


You had 10 spell levels left.
You didn't know any spells.
Your spell library contained the following spells:

 Spells                   Type           Power      Damage    Failure   Level
 Magic Dart               Conj           0%         1d3       45%         1
 Mephitic Cloud           Conj/Pois/Air  0%         N/A       83%         3
 Ozocubu's Armour         Ice            0%         N/A       83%         3
 Leda's Liquefaction      Hex/Erth       0%         N/A       99%         4
 Lee's Rapid Deconstruct  Erth           0%         3d5*      100%        5
 Metabolic Englaciation   Hex/Ice        0%         N/A       100%        5
 Statue Form              Tmut/Erth      0%         N/A       100%        6
 Ozocubu's Refrigeration  Ice            0%         4d5       100%        7
 Call Imp                 Summ           Unusable   N/A       N/A         2
 Simulacrum               Ice/Necr       Unusable   N/A       N/A         6

Dungeon Overview and Level Annotations

Branches:
Dungeon (10/15)            Temple (0/1) D:7            Lair (0/6) D:9
    Orc (0/2) D:10

Altars:
Ashenzari
Makhleb
Okawaru
Ru
Sif Muna
Trog
Uskayaw
Beogh


Innate Abilities, Weirdness & Mutations

You have a pair of antennae on your head.
You have hoof-like feet.
You regenerate magic rapidly.
You have a sharp stinger which inflicts weakening toxins.


Message History

You slash the two-headed ogre! You kick the two-headed ogre.
The two-headed ogre is moderately wounded.
The two-headed ogre closely misses you.
The two-headed ogre hits you with a +0 giant club!
You are too injured to fight recklessly!
You are too injured to fight recklessly!
You hit the two-headed ogre. Your kick misses the two-headed ogre.
The two-headed ogre is moderately wounded.
The two-headed ogre closely misses you. The two-headed ogre barely misses you.
You slash the two-headed ogre! You kick the two-headed ogre!
The two-headed ogre is heavily wounded.
The two-headed ogre closely misses you.
The two-headed ogre hits you with a +0 giant club!
You slash the two-headed ogre! Your kick misses the two-headed ogre.
You tail-slap the two-headed ogre.
The two-headed ogre looks weaker.
The two-headed ogre is severely wounded.
You completely miss the two-headed ogre.
The two-headed ogre is severely wounded.
The two-headed ogre closely misses you. The two-headed ogre barely misses you.
You hit the two-headed ogre. Your kick misses the two-headed ogre.
The two-headed ogre is severely wounded.
The two-headed ogre hits you with a +0 giant spiked club!
* * * LOW HITPOINT WARNING * * *
The two-headed ogre hits you but does no damage.
You hit the two-headed ogre but do no damage.
Your tail-slap misses the two-headed ogre.
The two-headed ogre is severely wounded.
The two-headed ogre hits you with a +0 giant spiked club!
* * * LOW HITPOINT WARNING * * *
The two-headed ogre hits you with a +0 giant club!
* * * LOW HITPOINT WARNING * * *
You hit the two-headed ogre but do no damage.
You kick the two-headed ogre, but do no damage.
The two-headed ogre is severely wounded.
You hit the two-headed ogre but do no damage.
You kick the two-headed ogre.
The two-headed ogre is severely wounded.
The two-headed ogre hits you but does no damage.
The two-headed ogre hits you with a +0 giant club!
You die...

................# .....#
............^...#......#
.............#..+......#
.........#..###..# ....#
##..###....#+ +#.......#
##........## #......#
.........## #.....#
..........## ##O.....#
≈≈≈........## ##@......#
≈#≈......#..###....#####
≈#≈[....###..#..####
≈#≈###### ##...## ≈≈≈#
##### .### .#


You could see a two-headed ogre (weak).

Vanquished Creatures
  Erica (D:8)
  2 two-headed ogres
  A komodo dragon (D:8)
  A troll (D:9)
  A hornet (D:7)
  2 wraiths
  2 shadows
  A wyvern (D:7)
  A vampire (D:10)
  A yak (D:9)
  A human (D:10)
  3 steam dragons
  A warg (D:10)
  2 acid dragons
  2 water moccasins
  5 orc warriors
  2 ice beasts
  A sky beast (D:8)
  4 black bears
  2 necrophages
  4 ogres
  2 centaurs (D:7)
  3 kobold brigands
  3 bullfrogs
  2 scorpions
  16 killer bees
  6 wights
  3 howler monkeys
  2 electric eels
  A lava snake (D:7)
  3 centaur zombies
  A jelly (D:7)
  A gnoll shaman (D:7)
  4 hounds
  Crazy Yiuf (D:3)
  2 centaur skeletons
  13 orc priests
  4 iguanas
  18 orc wizards
  3 howler monkey zombies
  6 gnolls (D:7)
  7 adders
  A white imp (D:7)
  A worm (D:4)
  47 orcs
  6 endoplasms
  5 giant cockroaches
  5 goblins
  8 hobgoblins
  3 jackals (D:5)
  6 quokkas
  5 ball pythons
  9 bats
  3 frilled lizards
  22 kobolds
  5 rats
267 creatures vanquished.

Vanquished Creatures (others)
  3 orcs (D:10)
  21 fungi
  17 plants
41 creatures vanquished.

Grand Total: 308 creatures vanquished

Notes
Turn   | Place    | Note
-------+----------+-------------------------------------------
     0 | D:1      | HallandMoats the Demonspawn Fighter began the quest for the
                  | Orb.
     0 | D:1      | Reached XP level 1. HP: 18/18 MP: 1/1
   158 | D:1      | Discovered your monstrous ancestry.
   158 | D:1      | Gained mutation: You have a pair of small antennae on your
                  | head. [demonic ancestry]
   158 | D:1      | Reached XP level 2. HP: 14/24 MP: 2/2
   686 | D:1      | Reached XP level 3. HP: 28/29 MP: 3/3
  1879 | D:2      | Gained mutation: You have large cloven feet. [demonic
                  | ancestry]
  1879 | D:2      | Reached XP level 4. HP: 22/36 MP: 4/4
  2415 | D:2      | Reached skill level 1 in Dodging
  2734 | D:3      | Reached XP level 5. HP: 39/42 MP: 5/5
  2855 | D:3      | Found a faded altar of an unknown god.
  2903 | D:3      | Found a runed translucent door.
  2904 | D:3      | Noticed Crazy Yiuf
  3381 | D:3      | Reached skill level 4 in Fighting
  3567 | D:3      | Killed Crazy Yiuf
  3685 | D:4      | Noticed an ogre
  3692 | D:4      | Killed an ogre
  3693 | D:4      | Gained mutation: You have hoof-like feet. [demonic
                  | ancestry]
  3693 | D:4      | Reached XP level 6. HP: 49/49 MP: 6/6
  3695 | D:4      | Found an iron altar of Okawaru.
  3707 | D:4      | Became a worshipper of Warmaster Okawaru
  4254 | D:4      | Reached skill level 1 in Invocations
  4710 | D:5      | Entered Level 5 of the Dungeon
  4772 | D:5      | Reached * piety under Okawaru
  4773 | D:5      | Gained mutation: You regenerate magic rapidly. [demonic
                  | ancestry]
  4773 | D:5      | Reached XP level 7. HP: 36/55 MP: 8/8
  5006 | D:5      | Reached skill level 5 in Fighting
  5277 | D:5      | Found a shimmering blue altar of Sif Muna.
  6608 | D:6      | Gained mutation: You have a small tail. [demonic ancestry]
  6608 | D:6      | Reached XP level 8. HP: 28/64 MP: 10/10
  7181 | D:6      | Reached skill level 5 in Axes
  7252 | D:6      | Reached skill level 6 in Fighting
  7499 | D:6      | Reached ** piety under Okawaru
  7801 | D:7      | Found a transporter.
  8342 | D:7      | Gained mutation: You have a tail ending in a sharp stinger.
                  | [demonic ancestry]
  8342 | D:7      | Reached XP level 9. HP: 55/71 MP: 12/12
  8593 | D:7      | Found a transporter.
  8899 | D:7      | Reached skill level 7 in Fighting
  9109 | D:7      | Reached *** piety under Okawaru
  9352 | D:7      | Found a staircase to the Ecumenical Temple.
  9408 | D:7      | Reached skill level 5 in Shields
  9536 | D:7      | Noticed a two-headed ogre
  9546 | D:7      | Killed a two-headed ogre
  9547 | D:7      | Reached skill level 5 in Armour
  9547 | D:7      | Reached skill level 5 in Invocations
  9879 | D:7      | Found a burning altar of Makhleb.
 10103 | D:7      | Reached **** piety under Okawaru
 10104 | D:7      | Reached skill level 8 in Fighting
 10117 | D:7      | Gained mutation: You have a sharp stinger which inflicts
                  | weakening toxins. [demonic ancestry]
 10117 | D:7      | Reached XP level 10. HP: 42/80 MP: 4/14
 10456 | D:8      | Identified the +9 great sword "Doyk" {freeze, Int+5}
 12329 | D:8      | Noticed Erica
 12331 | D:8      | Noticed a two-headed ogre
 12340 | D:8      | Killed Erica
 12347 | D:8      | Killed a two-headed ogre
 12812 | D:9      | Reached skill level 5 in Dodging
 12945 | D:8      | Reached skill level 9 in Fighting
 13643 | D:9      | Found a staircase to the Lair.
 13896 | D:9      | Gained mutation: You have a pair of antennae on your head.
                  | [demonic ancestry]
 13896 | D:9      | Reached XP level 11. HP: 89/89 MP: 5/16
 13920 | D:9      | Found a sacrificial altar of Ru.
 14469 | D:9      | Found a bloodstained altar of Trog.
 14535 | D:9      | Found a hide-covered altar of Uskayaw.
 14535 | D:9      | Found a broken altar of Ashenzari.
 14747 | D:10     | Entered Level 10 of the Dungeon
 15662 | D:10     | Found a staircase to the Orcish Mines.
 15666 | D:10     | Reached ***** piety under Okawaru
 16787 | D:10     | Noticed a two-headed ogre
 16800 | D:10     | Slain by a two-headed ogre

Illustrated notes

Levels and vault maps discovered:
D:1:      amcnicky_arrival_double_pillar, layout_rooms,
          hangedman_feature_mirror, minmay_misc_feat_rugged, minivault_24,
          chequers_serial_rivers_micro_d, hex_tiny, st_stairs_5
D:2:      layout_basic
D:3:      layout_loops_cross, shapermc_ecumenical_altar_ellora,
          due_unseen_surprise, uniq_crazy_yiuf_cottage
D:4:      layout_basic, okawaru_metal_pillars_1_2
D:5:      layout_basic, kennysheep_mini_moat
D:6:      layout_loops_corners, serial_glass, glass_columns_a, glass_columns_c
D:7:      gammafunk_beogh_shrine, layout_loops_ring, lightli_temple_of_fire,
          minmay_temple_entry_antechambers, kennysheep_diamond,
          grunt_ministairs_12, roderic_serpentine_path,
          kennysheep_generic_room_9
D:8:      minmay_general_purpose_star, layout_layer_cave, serial_bayou_lagoon_a,
          uniq_erica
D:9:      layout_long_grid, mainiacjoe_overflow_alcove_1, lemuel_doored_altar,
          gammafunk_temple_overflow_pools, due_lair_maze_entry_diamond
D:10:     layout_gridville, nemelex_diamond_rough_becter, erik_orc_4,
          st_stairs_12, minmay_crystal_water, due_unseen_surprise, uniq_erolcha

Skill      XL: |  1  2  3  4  5  6  7  8  9 10 |
---------------+-------------------------------+-----
Axes           | 2 3 4 5 7 8 |  8.5
Shields        | 3 4 5 6 |  6.4
Armour         | 3 4 5 6 |  6.4
Dodging        | 1 2 3 4 5 |  5.4
Fighting       | 4 5 6 8 9 |  9.7
Invocations    | 1 2 4 5 7 |  7.4

Action                   |  1- 3 |  4- 6 |  7- 9 | 10-12 || total
-------------------------+-------+-------+-------+-------++-------
Melee: War axe           |   118 |   136 |    80 |       ||   334
       Kick              |       |    27 |   113 |   132 ||   272
       Flail             |       |       |   181 |       ||   181
       Tailslap          |       |       |    45 |    71 ||   116
       Hand axe          |       |       |   115 |   380 ||   495
Invok: Heroism           |       |       |     4 |    10 ||    14
  Use: Potion            |       |     2 |     4 |     2 ||     8
       Scroll            |       |       |       |     4 ||     4
 Stab: Invisible         |       |       |     8 |     7 ||    15
       Distracted        |       |       |       |     1 ||     1
Armor: Scale mail        |    63 |    63 |   204 |    54 ||   384
       Steam dragon scal |       |       |       |   111 ||   111
Dodge: Dodged            |    65 |    58 |   210 |   274 ||   607
Block: Buckler           |    31 |    31 |    95 |   154 ||   311

Table legend: (Time is in decaauts)
 A = Elapsed time spent in this place.
 B = Non-inter-level travel time spent in this place.
 C = Inter-level travel time spent in this place.
 D = Time resting spent in this place.
 E = Time spent auto-exploring this place.
 F = Levels seen in this place.
 G = Mean time per level.
                   A        B        C        D        E       F      G
               +--------+--------+--------+--------+--------+-----+--------+
         Total |  16939 |  16462 |    477 |   3325 |  10902 |  10 | 1693.9 |
       Dungeon |  16939 |  16462 |    477 |   3325 |  10902 |  10 | 1693.9 |
               +--------+--------+--------+--------+--------+-----+--------+

Top non-repeatable levels by time:
     D:8: 3400 daAuts
     D:7: 2609 daAuts
     D:9: 2301 daAuts
     D:6: 1811 daAuts
     D:2: 1487 daAuts
     D:5: 1251 daAuts
     D:3: 1189 daAuts
     D:4: 1093 daAuts
     D:1: 1036 daAuts
    D:10: 758 daAuts
